 Dungeon Crawl Stone Soup version 0.23.2 (webtiles) character file.

Game seed: 14747558289248899104

2562 Nekros the Covert (level 9, -1/37 (39) HPs)
             Began as a Spriggan Enchanter on Apr 13, 2019.
             Splashed by a jelly's acid (8 damage)
             ... on level 7 of the Dungeon.
             The game lasted 00:34:53 (10854 turns).

Nekros the Covert (Spriggan Enchanter)             Turns: 10854, Time: 00:34:54

HP:   -1/37 (39)    AC:  2    Str:  4    XL:     9   Next: 31%
MP:   15/20         EV: 18    Int: 17    God:
Gold: 327           SH:  0    Dex: 19    Spells: 15/21 levels left

rFire    . . .     SeeInvis +   g - +2 dagger (drain)
rCold    . . .     Gourm    .   (shield restricted)
rNeg     . . .     Faith    .   b - +0 robe
rPois    .         Spirit   .   (helmet restricted)
rElec    .         Reflect  .   (no cloak)
rCorr    .         Harm     .   (gloves unavailable)
MR       +....                  (boots unavailable)
Stlth    +++++++...             (no amulet)
HPRegen  0.12/turn              n - ring of flight
MPRegen  0.17/turn              r - ring of stealth

@: very quick
A: very small, unfitting armour, talons 1, see invisible, herbivore, speed 3,
slow metabolism 2, wild magic 1
a: Evoke Flight


You were on level 7 of the Dungeon.
You were not hungry.

You visited 2 branches of the dungeon, and saw 9 of its levels.

You collected 327 gold pieces.

Inventory:

Hand Weapons
 g - a +2 dagger of draining (weapon)
Missiles
 e - 26 poisoned needles
Armour
 b - a +0 robe (worn)
Jewellery
 j - an uncursed ring of fire
 k - a +3 ring of strength
 n - a ring of flight (left hand)
 r - a ring of stealth (right hand)
 x - a +4 ring of strength
Wands
 p - a wand of enslavement (9)
 w - a wand of digging (4)
Scrolls
 c - 2 scrolls of teleportation {unknown}
 d - 2 scrolls of amnesia {unknown}
 f - 3 scrolls of fear {unknown}
 h - a scroll of magic mapping
 t - 2 scrolls of identify
 u - a scroll of fog
 v - a scroll of remove curse {unknown}
 y - a scroll of enchant armour {unknown}
Potions
 a - a potion of haste {unknown}
 i - a potion of resistance {unknown}
 l - 2 potions of mutation
 m - a potion of lignification {unknown}
 o - a potion of degeneration
 q - a potion of berserk rage {unknown}
 s - a potion of magic
 z - 2 potions of brilliance
 A - a potion of flight {unknown}


   Skills:
 + Level 5.2 Short Blades
 - Level 3.0 Dodging
 + Level 13.8 Stealth
 + Level 6.8 Spellcasting
 + Level 7.1 Hexes
 + Level 1.2 Ice Magic


You had 15 spell levels left.
You knew the following spells:

 Your Spells              Type           Power        Failure   Level  Hunger
a - Corona                Hex            #####..      1%          1    None
b - Ensorcelled Hibernat  Hex/Ice        ####..       5%          2    None
c - Tukima's Dance        Hex            #####...     3%          3    ##.....

Your spell library contained the following spells:

 Spells                   Type           Power        Failure   Level  Hunger
 Confuse                  Hex            #####...     3%          3    ##.....
 Dazzling Spray           Conj/Hex       ###...       13%         3    ##.....


Dungeon Overview and Level Annotations

Branches:
Dungeon (8/15)             Temple (1/1) D:6
   Lair: D:8-11

Altars:
Ashenzari
Cheibriados
Dithmenos
Elyvilon
Fedhas
Gozag
Hepliaklqana
Kikubaaqudgha
Makhleb
Okawaru
Qazlal
Ru
Sif Muna
Trog
Uskayaw
Vehumet
Wu Jian
Xom
Yredelemnul
Zin
The Shining One

Shops:
D:4 *   D:7 *


Innate Abilities, Weirdness & Mutations

You are very small and have problems with some larger weapons.
You are too small for most types of armour.
You have supernaturally acute eyesight. (SInv)
You are a herbivore.
You cover ground extremely quickly.
You need to consume almost no food.
You have sharp toenails.
Your spells are a little harder to cast, but a little more powerful.


Message History

You climb upwards.
There is a stone staircase leading down here.
Casting: Corona (safe; 1% risk of failure)
Confirm with . or Enter, or press ? or * to list all spells.
Aiming: Ensorcelled Hibernation (safe; 5% risk of failure)
Press: ? - help, Shift-Dir - straight line, f - kobold
Aim: a kobold, wielding a +0 dagger (chance to defeat MR: 72%)
The kobold struggles to resist.
The iguana bites you!
* * * LOW HITPOINT WARNING * * *
The jelly closely misses you. The kobold hits you with a +0 dagger.
* * * LOW HITPOINT WARNING * * *
Casting: Ensorcelled Hibernation (safe; 5% risk of failure)
Confirm with . or Enter, or press ? or * to list all spells.
Aiming: Ensorcelled Hibernation (safe; 5% risk of failure)
Press: ? - help, Shift-Dir - straight line, f/p - kobold
Aim: a kobold, wielding a +0 dagger (chance to defeat MR: 72%)
The kobold looks drowsy...
The iguana closely misses you. The jelly hits you.
* * * LOW HITPOINT WARNING * * *
You are splashed with acid!
You die...

#.#######.#.##.###.#######.#.
#.##.......................#.
#.##.####.#....###.##........
#.##.# #.#.#.####.#######...
#.##.# #.#.#......# ####
#.##.####.#.#####..#
#..................#
####.......lJ####.##
#...#####@# #.# #<..# #K# #.#
#...# #.# #.# ##...# #.# #.#
#....#####.# #.# #.#.....##.#
#.# #....##.##.# #.# ###
###..##.##.# #.# ##.##
#........# #.# ##.#.#


You could see an iguana, a jelly and a kobold (sleeping).

Vanquished Creatures
  A two-headed ogre (D:6)
  A hippogriff (D:7)
  A hungry ghost (D:7)
  Menkaure (D:7)
  An orc warrior (D:6)
  3 ogres
  A necrophage (D:7)
  4 wights (D:7)
  2 howler monkeys
  2 crimson imps (D:7)
  A centaur zombie (D:5)
  3 orc wizards
  A hound (D:5)
  A bullfrog skeleton (D:6)
  2 orc priests (D:6)
  A jelly (D:7)
  4 iguanas
  7 worker ants
  A hound zombie (D:7)
  A hound skeleton (D:2)
  4 gnolls
  2 adders (D:4)
  A shadow imp (D:8)
  2 oozes (D:2)
  3 adder skeletons
  3 worms
  A dart slug (D:1)
  5 leopard geckos
  15 orcs
  5 giant cockroaches
  6 hobgoblins
  14 jackals
  3 quokkas
  2 ball pythons
  7 bats
  6 frilled lizards
  5 goblins
  A jackal zombie (D:2)
  7 kobolds
  A leopard gecko skeleton (D:4)
  A leopard gecko zombie (D:2)
  2 quokka skeletons
  A quokka zombie (D:6)
  2 rats
138 creatures vanquished.

Vanquished Creatures (others)
  A big kobold (D:7)
  A hound skeleton (D:7)
  3 kobolds (D:7)
5 creatures vanquished.

Grand Total: 143 creatures vanquished

Notes
Turn   | Place    | Note
-------+----------+-------------------------------------------
     0 | D:1      | Nekros the Spriggan Enchanter began the quest for the Orb.
     0 | D:1      | Reached XP level 1. HP: 9/9 MP: 5/5
   146 | D:1      | Reached skill level 5 in Stealth
   522 | D:1      | Reached XP level 2. HP: 13/13 MP: 4/6
   526 | D:1      | Learned a level 2 spell: Ensorcelled Hibernation
   625 | D:1      | Reached skill level 6 in Stealth
   838 | D:1      | Reached XP level 3. HP: 14/16 MP: 4/8
  1203 | D:2      | Reached skill level 7 in Stealth
  1945 | D:2      | Reached XP level 4. HP: 21/21 MP: 9/9
  2228 | D:2      | Reached skill level 8 in Stealth
  3270 | D:3      | Found an iron altar of Okawaru.
  3943 | D:4      | Reached XP level 5. HP: 9/24 MP: 3/10
  4013 | D:4      | Reached skill level 9 in Stealth
  4242 | D:4      | Found a stormy altar of Qazlal.
  4242 | D:4      | Found a shattered altar of Ashenzari.
  4289 | D:3      | HP: 1/24 [poisoned by a worker ant]
  4670 | D:3      | Gained mutation: You have sharp toenails. [potion of
                  | mutation]
  4670 | D:3      | Gained mutation: Your spells are a little harder to cast,
                  | but a little more powerful. [potion of mutation]
  5046 | D:4      | Found a burning altar of Makhleb.
  5476 | D:4      | Reached XP level 6. HP: 23/28 MP: 2/11
  5562 | D:4      | Found Ahoulatz's Assorted Antiques.
  7139 | D:5      | Entered Level 5 of the Dungeon
  7142 | D:5      | Reached skill level 10 in Stealth
  8542 | D:6      | Reached XP level 7. HP: 32/32 MP: 14/14
  8685 | D:6      | Reached skill level 5 in Hexes
  8687 | D:6      | Found a staircase to the Ecumenical Temple.
  8772 | D:6      | Reached skill level 11 in Stealth
  9312 | D:6      | Noticed a two-headed ogre
  9319 | D:6      | Killed a two-headed ogre
  9319 | D:6      | Reached skill level 12 in Stealth
  9319 | D:6      | Reached skill level 5 in Spellcasting
  9319 | D:6      | Reached XP level 8. HP: 36/36 MP: 11/17
  9558 | Temple   | Entered the Ecumenical Temple
 10019 | D:7      | Reached skill level 13 in Stealth
 10020 | D:7      | Found Vufiyxt's General Store.
 10068 | D:7      | Reached skill level 1 in Ice Magic
 10068 | D:7      | Reached XP level 9. HP: 7/39 MP: 19/19
 10282 | D:7      | Noticed Menkaure
 10284 | D:7      | Killed Menkaure
 10325 | D:7      | Reached skill level 5 in Short Blades
 10587 | D:7      | Learned a level 3 spell: Tukima's Dance
 10854 | D:7      | Splashed by a jelly's acid

Skill      XL: |  1  2  3  4  5  6  7  8  9 |
---------------+----------------------------+-----
Stealth        | 5 6 7 8 9 10 12 13 | 13.8
Spellcasting   | 3 4 5 6 |  6.8
Hexes          | 4 6 7 |  7.1
Short Blades   | 2 4 5 |  5.2
Ice Magic      | 1 |  1.2
Dodging        | |  3.0

Action                   |  1- 3 |  4- 6 |  7- 9 || total
-------------------------+-------+-------+-------++-------
Melee: Dagger            |   120 |   239 |   126 ||   485
       Kick              |       |    21 |    20 ||    41
 Cast: Corona            |    11 |     5 |     7 ||    23
       Ensorcelled Hiber |    11 |    67 |    28 ||   106
  Use: Scroll            |       |     6 |       ||     6
       Potion            |       |     3 |     3 ||     6
 Stab: Sleeping          |    12 |    40 |    25 ||    77
       Distracted        |     1 |     2 |     1 ||     4
  Eat: Ration            |       |     5 |     3 ||     8
Armor: Robe              |    28 |    11 |    11 ||    50
Dodge: Dodged            |   162 |   201 |    65 ||   428
